 Dungeon Crawl Stone Soup version 0.31.0-9-g3a7656b989 (webtiles) character file.

Game seed: 3721098676252170374

15206 qw the Skirmisher (level 11, -19/55 HPs)
             Began as a Spriggan Hunter on Feb 2, 2024.
             Was a High Priest of Okawaru.
             Demolished by a snapping turtle (27 damage)
             ... on level 2 of the Lair of Beasts.
             The game lasted 00:01:17 (9417 turns).

qw the Skirmisher (Spriggan Hunter)                 Turns: 9417, Time: 00:01:18

Health: -19/55     AC: 10    Str:  7    XL:     11   Next: 98%
Magic:  19/19      EV: 34    Int: 10    God:    Okawaru [*****.]
Gold:   839        SH:  0    Dex: 24    Spells: 10/10 levels left

rFire   . . .        n - +3 orcbow
rCold   . . .        (shield currently unavailable)
rNeg    . . .        c - +0 troll leather armour
rPois   .            b - +2 hat
rElec   .            u - +0 cloak
rCorr   .            (gloves unavailable)
SInv    +            (boots unavailable)
Will    +....        m - amulet of regeneration
Stlth   +            f - +5 ring of evasion
HPRegen 1.89/turn    q - +4 ring of protection
MPRegen 0.16/turn

%: no passive effects
@: about to teleport, slow
A: very small, no large weapons, unfitting armour, see invisible, speed 3
a: Renounce Religion, Heroism, Finesse, Duel


You were on level 2 of the Lair of Beasts.
You worshipped Okawaru.
Okawaru was extremely pleased with you.
You visited 3 branches of the dungeon, and saw 13 of its levels.
You also visited: Sewer and Ossuary.

You collected 839 gold pieces.


Innate Abilities, Weirdness & Mutations

You are very small and have problems with some larger weapons.
You are too small for most types of armour.
You have supernaturally acute eyesight. (SInv)
You cover ground extremely quickly. (Speed+++)


   Skills:
 - Level 5.0 Fighting
 + Level 13.0 Ranged Weapons
 - Level 1.0 Armour
 - Level 13.0 Dodging
 - Level 1.5 Stealth
 - Level 10.0 Invocations


You had 10 spell levels left.
You didn't know any spells.
Your spell library was empty.

Inventory:

Hand Weapons
 n - a +3 orcbow (weapon)
Armour
 b - a +2 hat (worn)
 c - a +0 troll leather armour (worn)
 u - a +0 cloak (worn)
Jewellery
 f - a +5 ring of evasion (left hand)
 m - an amulet of regeneration (around neck)
 q - a +4 ring of protection (right hand)
Wands
 h - a wand of mindburst (7)
 l - a wand of light (9)
 s - a wand of iceblast (8)
 t - a wand of digging (4)
Scrolls
 a - 2 scrolls of identify
 j - 4 scrolls of teleportation
Potions
 d - 5 potions of enlightenment
 e - 12 potions of curing
 g - a potion of heal wounds
 i - 2 potions of might {unknown}
 o - 3 potions of resistance

Dungeon Overview and Level Annotations

Branches:
Dungeon (10/15)            Temple (1/1) D:4            Lair (2/5) D:10
 Shoals (0/4) Lair:2          Orc (0/2) D:10          Sewer (visited)
Ossuary (visited)
  Snake: Lair:2-3    Spider: Lair:2-3

Altars:
Ashenzari
Cheibriados
Dithmenos
Elyvilon
Fedhas
Gozag
Hepliaklqana
Kikubaaqudgha
Makhleb
Nemelex Xobeh
Okawaru
Qazlal
Ru
Sif Muna
Trog
Uskayaw
Vehumet
Wu Jian
Xom
Yredelemnul
Zin
The Shining One
Jiyva

Shops:
D:10 (

Annotations:
D:10 3 runed translucent doors, qw's ghost, journeyman DjHu
Lair:1 3 runed translucent doors, qw's ghost, journeyman SpHu


Message History

You feel much better.
Your lungs strain for air!
The water elemental misses you. The snapping turtle barely misses you.
You shoot an arrow. The arrow hits the water elemental.
The water elemental is severely damaged.
Your lungs strain for air!
The water elemental misses you. The snapping turtle barely misses you.
You shoot an arrow. The arrow hits the water elemental.
The water elemental is almost destroyed.
Your lungs strain for air!
The water elemental misses you.
The snapping turtle completely misses you.
You shoot an arrow. The arrow hits the water elemental!!
You destroy the water elemental!
Okawaru accepts your kill. The water engulfing you falls away.
You gasp with relief as air once again reaches your lungs.
You shoot an arrow. The arrow hits the snapping turtle!
The snapping turtle is heavily wounded.
The snapping turtle completely misses you.
You shoot an arrow.
The arrow completely misses the snapping turtle.
The snapping turtle closely misses you.
You shoot an arrow. The arrow hits the snapping turtle.
The snapping turtle is heavily wounded.
The snapping turtle completely misses you.
You shoot an arrow. The arrow hits the snapping turtle!
The snapping turtle is heavily wounded.
You shoot an arrow.
The arrow hits the snapping turtle but does no damage.
The snapping turtle is heavily wounded.
The snapping turtle misses you.
You shoot an arrow.
The arrow barely misses the snapping turtle.
The snapping turtle bites you from afar!!
9417 ||| READING 5 scrolls of teleportation.
As you read the scroll of teleportation, it crumbles to dust.
You feel strangely unstable.
The snapping turtle bites you from afar!!
You die...

##### ### ### ##~#~###### ###.##
###.#####~~~~~~~#.####P.#.#######
........~~~~~~~~~..............[.
####P.P~~~#####~~~P.#............
## ####~~##...##~~.....#.........
.## #~~~#....t#~~...............
.P####~~~#..>.='....#.#..........
.......~~# #@~...............
P.##.##~~## ##~~###.....P#.....
######.~~~#####~~~# ##...........
.# #..~~~~~~~~~## #..........P ##
##..~~~~~~~## #..........+ #
##.....~#~## #.P........# #
#.......### ##..........# #
##.....#.# #.......)....
#######.....### #...#...#+P..


You could see a snapping turtle.

Vanquished Creatures
  Erica (Lair:1)
  A fire crab (D:10)
  A black mamba (Lair:1)
  6 cane toads
  A komodo dragon (Lair:1)
  A troll (D:10)
  A hornet (D:10)
  3 blink frogs (Lair:1)
  A shadow (D:9)
  21 yaks
  A water elemental (Lair:2)
  2 wraiths
  4 wyverns
  3 basilisks (Lair:1)
  2 steam dragons
  5 water moccasins
  7 ice beasts
  A meliai simulacrum (D:10)
  5 orc warriors
  A sky beast (D:6)
  An ogre (D:5)
  5 centaurs
  7 wolves (Lair:1)
  A phantom (D:6)
  A weeping skull (D:8)
  3 kobold brigands
  5 bullfrogs
  5 scorpions
  2 gnoll sergeants
  9 wights (D:6)
  3 killer bees (D:7)
  2 electric eels (D:10)
  2 howler monkeys (D:9)
  A lava snake (D:10)
  2 hounds
  A bombardier beetle (D:3)
  4 orc priests
  3 sleepcaps
  12 orc wizards
  2 centaur simulacra (D:10)
  8 mummies (Ossuary)
  12 gnolls
  10 adders
  2 river rats
  A shadow imp (D:7)
  3 white imps
  3 ufetubi (D:6)
  4 ribbon worms
  3 dart slugs
  23 orcs
  5 bats
  4 endoplasms
  3 giant cockroaches
  2 gnoll zombies (Ossuary)
  6 goblins
  5 hobgoblins
  7 jackals
  14 kobolds
  2 quokkas
  8 ball pythons
  6 frilled lizards
  3 hobgoblin zombies (Ossuary)
  2 kobold zombies (Ossuary)
  An orc zombie (Ossuary)
  5 rats
  A spectral orc (D:8)
282 creatures vanquished.

Notes
Turn   | Place    | Note
-------+----------+-------------------------------------------
     0 | D:1      | qw the Spriggan Hunter began the quest for the Orb.
     0 | D:1      | Reached XP level 1. HP: 10/10 MP: 2/2
     0 | D:1      | 0 ||| qw: Version: 0.3-a-155-g5e7d8dd
     0 | D:1      | 0 ||| qw: Game counter: 1636
     0 | D:1      | 0 ||| qw: Melee chars always use a shield: true
     0 | D:1      | 0 ||| qw: God list: Okawaru
     0 | D:1      | 0 ||| qw: Allow faded altars: false
     0 | D:1      | 0 ||| qw: Do Orc after clearing Dungeon:15 true
     0 | D:1      | 0 ||| qw: Do second Lair branch before Depths: true
     0 | D:1      | 0 ||| qw: Lair rune preference: random
     0 | D:1      | 0 ||| qw: Goals: Normal
     0 | D:1      | 0 ||| PLANNING D:1-11
    62 | D:1      | Reached skill level 3 in Dodging
    71 | D:1      | Reached XP level 2. HP: 6/14 MP: 3/3
   603 | D:1      | 603 ||| UPGRADING to +5 ring of evasion.
   604 | D:1      | 604 ||| READING scroll labelled TANEMA FUECER.
   604 | D:1      | 604 ||| IDENTIFYING scroll labelled TILIQ DOGUTONI
   605 | D:1      | 605 ||| READING scroll labelled GAISOOMO SUOSE.
   606 | D:1      | 606 ||| READING scroll labelled PAOSAGR WUBAUM.
   607 | D:1      | 607 ||| DROPPING scroll of butterflies.
   608 | D:1      | 608 ||| DROPPING scroll of blinking.
   646 | D:2      | Reached XP level 3. HP: 14/18 MP: 4/4
  1226 | D:2      | 1226 ||| DROPPING +6 ring of intelligence.
  1227 | D:2      | 1227 ||| READING scroll of identify.
  1227 | D:2      | 1227 ||| IDENTIFYING puce potion
  1228 | D:2      | 1228 ||| READING scroll labelled JOMIGUTHIR.
  1228 | D:2      | 1228 ||| ENCHANTING +0 shortbow.
  1229 | D:2      | 1229 ||| READING scroll labelled BAIVU QOFOAS.
  1230 | D:2      | 1230 ||| READING scroll labelled CIURICW IRABYS.
  1348 | D:3      | 1348 ||| PLANNING SEWER
  1350 | D:3      | 1350 ||| STAIRDANCE
  1375 | D:3      | Reached XP level 4. HP: 22/22 MP: 5/5
  1686 | D:3      | Found a glowing drain.
  1687 | D:3      | 1687 ||| READING scroll of identify.
  1687 | D:3      | 1687 ||| IDENTIFYING lumpy amethyst potion
  1688 | D:3      | 1688 ||| READING scroll labelled BENEQI MAP WOH.
  1688 | D:3      | Identified a scroll of acquirement
  1688 | D:3      | 1688 ||| ACQUIRING +2 hat
  1688 | D:3      | Acquired a +2 hat
  1690 | D:3      | 1690 ||| UPGRADING to +2 hat.
  1695 | D:3      | 1695 ||| READING scroll labelled CIUHEI GARHU.
  1695 | D:3      | 1695 ||| ENCHANTING +0 shortbow.
  1696 | D:3      | 1696 ||| READING scroll labelled YGUMIF MUCAM.
  1704 | Sewer    | Entered a sewer
  1709 | Sewer    | Reached XP level 5. HP: 26/26 MP: 6/6
  1808 | Sewer    | Reached skill level 6 in Ranged Weapons
  1808 | Sewer    | Reached XP level 6. HP: 24/30 MP: 7/7
  1852 | Sewer    | Found a white marble altar of Elyvilon.
  1895 | D:3      | 1895 ||| PLANNING D:1-11
  2318 | D:3      | 2318 ||| READING scroll of identify.
  2318 | D:3      | 2318 ||| IDENTIFYING amethyst potion
  2319 | D:3      | 2319 ||| READING scroll labelled VAVUPN PISCHA.
  2323 | D:3      | 2323 ||| DROPPING potion of lignification.
  2357 | D:4      | 2357 ||| STAIRDANCE
  2365 | D:4      | 2365 ||| STAIRDANCE
  2393 | D:4      | Reached skill level 6 in Dodging
  2490 | D:4      | Found a radiant altar of Vehumet.
  2610 | D:4      | Found a staircase to the Ecumenical Temple.
  2611 | D:4      | 2611 ||| PLANNING TEMPLE
  2611 | D:4      | 2611 ||| READING scroll of identify.
  2611 | D:4      | 2611 ||| IDENTIFYING 3 scrolls labelled IRUAVV OFUO
  2612 | D:4      | 2612 ||| DROPPING 3 scrolls of revelation.
  2618 | Temple   | Entered the Ecumenical Temple
  2619 | Temple   | 2619 ||| PLANNING OKAWARU WORSHIP
  2643 | Temple   | Became a worshipper of Warmaster Okawaru
  2644 | Temple   | 2644 ||| PLANNING D:1-11
  2892 | D:4      | Found a stormy altar of Qazlal.
  3006 | D:5      | Entered Level 5 of the Dungeon
  3228 | D:5      | Reached XP level 7. HP: 35/35 MP: 8/8
  3482 | D:5      | 3482 ||| UPGRADING to amulet of regeneration.
  3487 | D:5      | 3487 ||| READING scroll of identify.
  3487 | D:5      | 3487 ||| IDENTIFYING scroll labelled VIPPEZETWOWKO
  3488 | D:5      | 3488 ||| DROPPING scroll of noise.
  3495 | D:6      | 3495 ||| PLANNING OSSUARY
  3577 | D:6      | Reached * piety under Okawaru
  3585 | D:6      | Reached skill level 1 in Invocations
  3603 | D:6      | HP: 5/35 [wight/+1 war axe (11)]
  3604 | D:6      | 3604 ||| READING 2 scrolls of teleportation.
  3605 | D:6      | 3605 ||| DRINKING 2 potions of heal wounds.
  3639 | D:6      | Found a snail-covered altar of Cheibriados.
  3703 | D:6      | Reached XP level 8. HP: 39/39 MP: 10/10
  3781 | D:6      | Reached skill level 3 in Invocations
  3883 | D:6      | Found a glowing silver altar of Zin.
  3937 | D:6      | Reached ** piety under Okawaru
  3988 | D:6      | 3988 ||| SWAPPING to +0 orcbow.
  3989 | D:6      | 3989 ||| DROPPING +1 shortbow.
  4062 | D:6      | Reached skill level 3 in Fighting
  4108 | D:6      | Found a sand-covered staircase.
  4109 | D:6      | 4109 ||| READING scroll labelled HYSCHU XUWKUNN.
  4118 | Ossuary  | Entered an ossuary
  4228 | Ossuary  | 4228 ||| READING scroll of enchant weapon.
  4228 | Ossuary  | 4228 ||| ENCHANTING +0 orcbow.
  4278 | Ossuary  | 4278 ||| READING scroll of enchant weapon.
  4278 | Ossuary  | 4278 ||| ENCHANTING +1 orcbow.
  4303 | Ossuary  | 4303 ||| DRINKING 2 dark potions.
  4304 | Ossuary  | 4304 ||| DRINKING 2 white potions.
  4305 | Ossuary  | 4305 ||| DRINKING 3 viscous blue potions.
  4306 | Ossuary  | 4306 ||| DROPPING potion of degeneration.
  4307 | Ossuary  | 4307 ||| DROPPING 2 potions of invisibility.
  4327 | D:6      | 4327 ||| PLANNING D:1-11
  4409 | D:6      | 4409 ||| RETREEEEATING.
  4430 | D:6      | Reached skill level 9 in Ranged Weapons
  4640 | D:6      | Reached skill level 9 in Dodging
  4807 | D:7      | Reached XP level 9. HP: 44/44 MP: 13/13
  4953 | D:7      | Found a sacrificial altar of Ru.
  4987 | D:7      | Reached *** piety under Okawaru
  5189 | D:7      | 5189 ||| UPGRADING to +4 ring of protection.
  5190 | D:7      | 5190 ||| DROPPING wand of flame (25).
  5203 | D:7      | 5203 ||| DRINKING 10 potions of curing.
  5203 | D:7      | 5203 ||| (to cure confusion)
  5382 | D:7      | 5382 ||| RETREEEEATING.
  5390 | D:7      | 5390 ||| RETREEEEATING.
  5392 | D:7      | 5392 ||| RETREEEEATING.
  5393 | D:7      | 5393 ||| RETREEEEATING.
  5830 | D:8      | Found a shadowy altar of Dithmenos.
  5950 | D:8      | 5950 ||| RETREEEEATING.
  5951 | D:8      | 5951 ||| RETREEEEATING.
  6107 | D:8      | Found a basalt altar of Yredelemnul.
  6112 | D:8      | Reached **** piety under Okawaru
  6463 | D:8      | 6463 ||| READING scroll of identify.
  6463 | D:8      | 6463 ||| IDENTIFYING inky potion
  6464 | D:8      | 6464 ||| DRINKING 2 fuming amethyst potions.
  6465 | D:8      | 6465 ||| DROPPING potion of brilliance.
  6521 | D:9      | 6521 ||| STAIRDANCE
  6534 | D:9      | 6534 ||| STAIRDANCE
  6541 | D:8      | Reached XP level 10. HP: 46/50 MP: 14/14
  6832 | D:9      | Found a broken altar of Ashenzari.
  6921 | D:9      | Identified the +0 scale mail of Dishonour {rPois Will+}
  6988 | D:9      | 6988 ||| UPGRADING to +0 steam dragon scales.
  6998 | D:9      | 6998 ||| DROPPING +0 robe.
  6999 | D:9      | 6999 ||| UPGRADING to +0 cloak.
  7004 | D:9      | 7004 ||| READING scroll of enchant armour.
  7004 | D:9      | 7004 ||| ENCHANTING +0 steam dragon scales.
  7005 | D:9      | 7005 ||| READING scroll of identify.
  7005 | D:9      | 7005 ||| IDENTIFYING grey potion
  7006 | D:9      | 7006 ||| DROPPING potion of attraction.
  7023 | D:10     | Entered Level 10 of the Dungeon
  7026 | D:10     | Reached skill level 6 in Invocations
  7029 | D:10     | Reached ***** piety under Okawaru
  7043 | D:10     | Reached skill level 1 in Armour
  7060 | D:10     | HP: 8/50 [meliai simulacrum (13)]
  7061 | D:10     | 7061 ||| READING 6 scrolls of teleportation.
  7061 | D:10     | HP: 3/50 [yak (6)]
  7062 | D:10     | 7062 ||| DRINKING 3 potions of heal wounds.
  7070 | D:10     | 7070 ||| INVOKING Finesse.
  7115 | D:10     | Reached skill level 12 in Dodging
  7147 | D:10     | Found a staircase to the Lair.
  7148 | D:10     | Noticed a fire crab
  7149 | D:10     | 7149 ||| INVOKING Finesse.
  7157 | D:10     | Killed a fire crab
  7159 | D:10     | 7159 ||| Stepping ~*~*~tactically~*~*~ (cloud).
  7271 | D:10     | HP: 10/50 [electric eel/bolt of electricity (11)]
  7272 | D:10     | 7272 ||| READING 5 scrolls of teleportation.
  7273 | D:10     | 7273 ||| DRINKING 2 potions of heal wounds.
  7343 | D:10     | 7343 ||| INVOKING Finesse.
  7389 | D:10     | Found a runed translucent gate.
  7389 | D:10     | Found a runed translucent gate.
  7390 | D:10     | Found a runed translucent gate.
  7390 | D:10     | Noticed qw's ghost (journeyman DjHu)
  7421 | D:10     | 7421 ||| RETREEEEATING.
  7423 | D:10     | 7423 ||| RETREEEEATING.
  7424 | D:10     | 7424 ||| RETREEEEATING.
  7426 | D:10     | 7426 ||| RETREEEEATING.
  7427 | D:10     | 7427 ||| RETREEEEATING.
  7429 | D:10     | 7429 ||| RETREEEEATING.
  7430 | D:10     | 7430 ||| RETREEEEATING.
  7441 | D:10     | Reached XP level 11. HP: 39/53 MP: 18/18
  7507 | D:10     | Found Qousuces's Weapon Shop.
  7510 | D:10     | 7510 ||| SHOPLISTING +6 sling "Xada" {heavy, rElec rF+
                  | Dex+5} (770 gold, have 626).
  7554 | D:10     | Found a staircase to the Orcish Mines.
  7710 | D:10     | Found a hide-covered altar of Uskayaw.
  7764 | D:10     | 7764 ||| PLANNING LAIR
  7764 | D:10     | 7764 ||| UPGRADING to +0 troll leather armour.
  7774 | D:10     | 7774 ||| DROPPING +1 steam dragon scales.
  7811 | Lair:1   | Entered Level 1 of the Lair of Beasts
  7843 | Lair:1   | Received a gift from Okawaru
  7948 | Lair:1   | Reached skill level 12 in Ranged Weapons
  7951 | Lair:1   | 7951 ||| RETREEEEATING.
  7952 | Lair:1   | 7952 ||| RETREEEEATING.
  7960 | Lair:1   | 7960 ||| RETREEEEATING.
  7964 | Lair:1   | 7964 ||| RETREEEEATING.
  7965 | Lair:1   | 7965 ||| RETREEEEATING.
  7966 | Lair:1   | 7966 ||| RETREEEEATING.
  7967 | Lair:1   | 7967 ||| RETREEEEATING.
  7968 | Lair:1   | 7968 ||| RETREEEEATING.
  7969 | Lair:1   | 7969 ||| RETREEEEATING.
  7970 | Lair:1   | 7970 ||| RETREEEEATING.
  7971 | Lair:1   | 7971 ||| RETREEEEATING.
  7972 | Lair:1   | 7972 ||| RETREEEEATING.
  7973 | Lair:1   | 7973 ||| RETREEEEATING.
  7974 | Lair:1   | 7974 ||| RETREEEEATING.
  7975 | Lair:1   | 7975 ||| RETREEEEATING.
  7976 | Lair:1   | 7976 ||| RETREEEEATING.
  7977 | Lair:1   | 7977 ||| RETREEEEATING.
  7978 | Lair:1   | 7978 ||| INVOKING Finesse.
  7984 | Lair:1   | 7984 ||| RETREEEEATING.
  7986 | Lair:1   | 7986 ||| RETREEEEATING.
  7987 | Lair:1   | 7987 ||| RETREEEEATING.
  7988 | Lair:1   | 7988 ||| RETREEEEATING.
  7989 | Lair:1   | 7989 ||| RETREEEEATING.
  7992 | Lair:1   | 7992 ||| RETREEEEATING.
  7993 | Lair:1   | 7993 ||| RETREEEEATING.
  7994 | Lair:1   | 7994 ||| RETREEEEATING.
  8000 | Lair:1   | 8000 ||| FLEEEEING.
  8029 | Lair:1   | Reached skill level 9 in Invocations
  8195 | Lair:1   | 8195 ||| Stepping ~*~*~tactically~*~*~ (cloud).
  8203 | Lair:1   | 8203 ||| Stepping ~*~*~tactically~*~*~ (cloud).
  8280 | Lair:1   | Found a runed translucent gate.
  8280 | Lair:1   | Found a runed translucent gate.
  8280 | Lair:1   | Found a runed translucent gate.
  8283 | Lair:1   | Noticed qw's ghost (journeyman SpHu)
  8480 | Lair:1   | 8480 ||| RETREEEEATING.
  8482 | Lair:1   | 8482 ||| RETREEEEATING.
  8487 | Lair:1   | 8487 ||| RETREEEEATING.
  8488 | Lair:1   | 8488 ||| RETREEEEATING.
  8489 | Lair:1   | 8489 ||| RETREEEEATING.
  8490 | Lair:1   | 8490 ||| RETREEEEATING.
  8491 | Lair:1   | 8491 ||| RETREEEEATING.
  8492 | Lair:1   | 8492 ||| RETREEEEATING.
  8494 | Lair:1   | 8494 ||| RETREEEEATING.
  8495 | Lair:1   | 8495 ||| RETREEEEATING.
  8497 | Lair:1   | 8497 ||| RETREEEEATING.
  8499 | Lair:1   | 8499 ||| RETREEEEATING.
  8502 | Lair:1   | 8502 ||| RETREEEEATING.
  8504 | Lair:1   | 8504 ||| RETREEEEATING.
  8541 | Lair:1   | Received a gift from Okawaru
  8629 | Lair:1   | Noticed Erica
  8630 | Lair:1   | 8630 ||| INVOKING Finesse.
  8635 | Lair:1   | Killed Erica
  8793 | Lair:1   | 8793 ||| DRINKING potion of cancellation.
  8883 | Lair:1   | 8883 ||| READING scroll of enchant weapon.
  8883 | Lair:1   | 8883 ||| ENCHANTING +2 orcbow.
  9006 | Lair:1   | Found a viscous altar of Jiyva.
  9032 | Lair:2   | 9032 ||| RETREEEEATING.
  9033 | Lair:2   | 9033 ||| RETREEEEATING.
  9034 | Lair:2   | 9034 ||| RETREEEEATING.
  9035 | Lair:2   | 9035 ||| RETREEEEATING.
  9036 | Lair:2   | 9036 ||| RETREEEEATING.
  9037 | Lair:2   | 9037 ||| INVOKING Finesse.
  9101 | Lair:2   | Identified the +6 rapier "Uquzu" {flame, +Blink rN+ Int+3}
  9122 | Lair:2   | Identified the +9 flail "Imunequm" {freeze, +Blink rElec
                  | rF+ rC- rCorr}
  9393 | Lair:2   | Found a staircase to the Shoals.
  9406 | Lair:2   | HP: 11/55 [water elemental (7)]
  9407 | Lair:2   | 9407 ||| DRINKING 2 potions of heal wounds.
  9416 | Lair:2   | HP: 6/55 [snapping turtle (20)]
  9417 | Lair:2   | 9417 ||| READING 5 scrolls of teleportation.
  9417 | Lair:2   | Demolished by a snapping turtle

Levels and vault maps discovered:
D:1:      lightli_arrival_boilingwater, layout_loops_ring, glass_columns_b
D:2:      layout_loops_ring
D:3:      layout_loops_ring, mainiacjoe_sewer_entry_somewhere_in_here_1
D:4:      layout_basic, mainiacjoe_overflow_swirl, minmay_temple_entry_offerings
D:5:      layout_rooms, water_boxes_lemuel
D:6:      layout_loops_corners, cheibriados_altar_1, zin_treasury,
          chequers_ossuary_entry_cave, kennysheep_generic_room_15
D:7:      layout_rooms, mainiacjoe_overflow_boulevard,
          minmay_a_box_with_orc_wizards_in_it
D:8:      layout_loops_corners, mainiacjoe_overflow_alcove_1,
          yredelemnul_forgotten_temple_becter
D:9:      layout_rooms, lemuel_doored_altar
D:10:     layout_big_octagon, nicolae_uskayaw_suspiria, minmay_lair_entry_lava,
          david_orc_4, serial_ice, serial_ice_c, serial_ice_j, serial_ice_o,
          serial_ice_b, serial_shops, kennysheep_mini_moat,
          gammafunk_ghost_nasty_kobolds
Temple:   nicolae_temple_bog_church
Lair:1:   layout_cave_pods, gammafunk_ghost_ooze,
          eino_small_chamber_without_monster, grunt_megastairs_4, uniq_erica
Lair:2:   layout_chaotic_city, minmay_shoals_entry_hut,
          ebering_ghost_reflecting_pool, chequers_serial_rivers_micro_b

Skill      XL: |  1  2  3  4  5  6  7  8  9 10 11 |
---------------+----------------------------------+-----
Dodging        | 3 4 5 6 7 9 11 12 13 | 13.0
Ranged Weapons | 5 6 7 8 9 10 11 13 | 13.0
Fighting       | 2 3 4 5 |  5.0
Invocations    | 2 4 8 10 | 10.0
Armour         | 1 |  1.0
Stealth        | |  1.5

Action                     |  1- 3 |  4- 6 |  7- 9 | 10-12 || total
---------------------------+-------+-------+-------+-------++-------
   Fire: Shortbow          |   114 |   216 |   134 |       ||   464
         Orcbow            |       |       |   331 |   634 ||   965
 Invoke: Finesse           |       |       |       |     6 ||     6
    Use: Scroll            |     7 |     7 |     6 |     6 ||    26
         Potion            |       |       |     6 |     4 ||    10
 Armour: Robe              |    11 |    25 |    60 |     8 ||   104
         Steam dragon scal |       |       |       |    37 ||    37
         Troll leather arm |       |       |       |    57 ||    57
  Dodge: Dodged            |    57 |   165 |   302 |   512 ||  1036

Table legend:
 A = Non-vault XP
 B = Vault XP
 C = Vault XP percentage of total XP
 D = Non-vault monster count
 E = Vault monster count
 F = Vault count percentage of total count
                 A         B        C        D         E       F
            +---------+---------+-------+---------+---------+-------
      Total |   16459 |    5264 |  24.2 |     209 |      73 |  25.9
            +---------+---------+-------+---------+---------+-------
        D:1 |      36 |       0 |   0.0 |      20 |       0 |   0.0
        D:2 |      49 |       0 |   0.0 |      12 |       0 |   0.0
        D:3 |     131 |      34 |  20.6 |      23 |       5 |  17.9
        D:4 |     161 |       0 |   0.0 |      14 |       0 |   0.0
        D:5 |     220 |       0 |   0.0 |       5 |       0 |   0.0
        D:6 |    1620 |     144 |   8.2 |      29 |       2 |   6.5
        D:7 |    1140 |     173 |  13.2 |      22 |       5 |  18.5
        D:8 |    1382 |     100 |   6.7 |      20 |       2 |   9.1
        D:9 |    1573 |       0 |   0.0 |      17 |       0 |   0.0
       D:10 |    2208 |    2651 |  54.6 |      12 |      27 |  69.2
     Lair:1 |    5914 |    1586 |  21.1 |      26 |       5 |  16.1
     Lair:2 |    2025 |     205 |   9.2 |       9 |       1 |  10.0
      Sewer |       0 |     218 | 100.0 |       0 |      10 | 100.0
    Ossuary |       0 |     153 | 100.0 |       0 |      16 | 100.0
            +---------+---------+-------+---------+---------+-------
